 Dungeon Crawl Stone Soup version 0.29-a0-323-g050149af67 (webtiles) character file.

Game seed: 13907178267214505963

83 Morbidden the Skirmisher (level 4, -11/35 HPs)
             Began as a Demonspawn Fighter on Apr 10, 2022.
             Killed from afar by Ijyb (21 damage)
             ... with a bolt of acid
             ... on level 3 of the Dungeon.
             The game lasted 00:01:55 (3062 turns).

Morbidden the Skirmisher (Demonspawn Fighter)       Turns: 3062, Time: 00:01:56

Health: -11/35     AC: 15    Str: 16    XL:     4   Next: 22%
Magic:  5/5        EV:  9    Int: 11    God:
Gold:   94         SH:  5    Dex: 13    Spells: 5/5 levels left

rFire   . . .      SeeInvis .   a - +0 war axe
rCold   . . .      Faith    .   c - +0 buckler
rNeg    . . .      Spirit   .   b - +0 scale mail
rPois   .          Reflect  .   (no helmet)
rElec   .          Harm     .   (no cloak)
rCorr   .          Rampage  .   (no gloves)
Will    .....                   (no boots)
Stlth   ..........              (no amulet)
HPRegen 0.11/turn               (no ring)
MPRegen 0.09/turn               (no ring)

@: sanguine armoured
A: sanguine armour 2
a: no special abilities


You were on level 3 of the Dungeon.
You visited 1 branch of the dungeon, and saw 3 of its levels.

You collected 94 gold pieces.

Inventory:

Hand Weapons
 a - a +0 war axe (weapon)
Missiles
 m - 3 curare-tipped darts (quivered)
 n - 2 throwing nets
Armour
 b - a +0 scale mail (worn)
 c - a +0 buckler (worn)
Wands
 r - a wand of iceblast (3)
Scrolls
 f - a scroll of enchant armour {unknown}
 g - 3 scrolls of identify {unknown}
 h - a scroll of magic mapping {unknown}
 i - a scroll of summoning {unknown}
 j - a scroll of brand weapon {unknown}
 k - a scroll of acquirement {unknown}
 o - a scroll of noise {unknown}
 s - a scroll of fog {unknown}
Potions
 d - 3 potions of might
 e - a potion of degeneration {unknown}
 l - a potion of curing {unknown}
 p - 2 potions of brilliance {unknown}
 q - a potion of heal wounds {unknown}


   Skills:
 * Level 3.3 Fighting
 * Level 2.3 Axes
 + Level 3.2 Armour
 * Level 0.2 Dodging
 + Level 3.3 Shields
 * Level 1.1 Spellcasting


You had 5 spell levels left.
You didn't know any spells.
Your spell library contained the following spells:

 Spells                   Type           Power      Damage    Failure   Level
 Beastly Appendage        Tmut           0%         N/A       83%         1
 Wereblood                Tmut           0%         N/A       92%         2
 Spider Form              Tmut/Pois      0%         N/A       99%         3


Dungeon Overview and Level Annotations

Branches:
Dungeon (3/15)

Altars:

Annotations:
D:3 Ijyb


Innate Abilities, Weirdness & Mutations

When seriously injured, your blood forms thick armour. (AC +9)


Message History

Ijyb is nearby!
Ijyb is nearby!
Unknown command.
Ijyb zaps a wand.
The bolt of acid misses you.
A giant cockroach comes into view.
You hit Ijyb but do no damage.
Ijyb zaps a wand.
The bolt of acid hits you!!
Ouch! That really hurt!
* * * LOW HITPOINT WARNING * * *
Your blood congeals into armour.
You block the giant cockroach's attack.
You are too injured to fight recklessly!
You are too injured to fight recklessly!
Unknown command.
Aiming: Iceblast
Press: ? - help, Shift-Dir - straight line The mass of ice explodes!
The iceblast engulfs Ijyb!
Ijyb is heavily wounded.
You hear a shout! x2
Ijyb hits you but does no damage. The giant cockroach closely misses you.
Unknown command.
Unknown command.
Unknown command.
Throw: 5 darts (curare)
Press: ? - help, Q - select action, (/) - cycle Shift-Dir - straight line, f - giant cockroach
Aim: a giant cockroach (57% to hit)
You throw a curare-tipped dart.
The curare-tipped dart closely misses the giant cockroach.
The giant cockroach bites you but does no damage.
Ijyb closely misses you.
Unknown command.
Throw: 4 darts (curare)
Press: ? - help, Q - select action, (/) - cycle Shift-Dir - straight line, f - Ijyb, p - giant cockroach
Aim: Ijyb, wielding a +0 club, wearing a +0 leather armour and carrying a wand of acid (8) (heavily wounded, 50% to hit)
You throw a curare-tipped dart. The curare-tipped dart hits Ijyb.
Ijyb is poisoned.
Ijyb convulses.
Ijyb seems to slow down.
Ijyb is almost dead.
You block the giant cockroach's attack.
Ijyb zaps a wand.
The bolt of acid hits you!!
Ouch! That really hurt!
You die...

..... .#
#### .# .##
.########
..
........##
..#
......†..[
#.######.#
.#####..##
#.....Bg.#
#..##
#@.#.#
#....
#..#.#
##.###
#..#.#
#.####...##
#..#.#
#..........
#..#.#
######...##
#..#.#
##.##
#..#†#
######.###
#....#
#.........
##.#..##
#.####.###


You could see Ijyb (very poisoned, slow) and a giant cockroach.

Vanquished Creatures
  3 gnolls (D:2)
  2 adders
  A worm (D:2)
  4 ball pythons
  5 endoplasms
  A giant cockroach (D:2)
  6 hobgoblins
  2 bats
  2 goblins
  3 kobolds
  5 rats
34 creatures vanquished.

Notes
Turn   | Place    | Note
-------+----------+-------------------------------------------
     0 | D:1      | Morbidden the Demonspawn Fighter began the quest for the
                  | Orb.
     0 | D:1      | Reached XP level 1. HP: 18/18 MP: 1/1
   405 | D:1      | Gained mutation: When seriously injured, your blood forms
                  | armour. (AC +9) [demonic ancestry]
   405 | D:1      | Reached XP level 2. HP: 22/24 MP: 2/2
  1339 | D:2      | Reached XP level 3. HP: 21/29 MP: 3/3
  1674 | D:2      | Reached skill level 1 in Spellcasting
  2697 | D:3      | Gained mutation: When seriously injured, your blood forms
                  | thick armour. (AC +9) [demonic ancestry]
  2697 | D:3      | Reached XP level 4. HP: 35/35 MP: 5/5
  3054 | D:3      | Noticed Ijyb
  3062 | D:3      | Killed from afar by Ijyb

Illustrated notes

Levels and vault maps discovered:
D:1:      wheals_arrival_shading, layout_loops_ring
D:2:      layout_loops_corners, minmay_misc_feat_room,
          chequers_serial_rivers_large_b
D:3:      layout_loops_ring, mainiacjoe_overflow_surrounded_room, led_sif_book,
          vehumet_altar_wand_db, hellmonk_ecumenical_altar_leap_of_faith,
          uniq_ijyb, uniq_crazy_yiuf_cottage

Skill      XL: |  1  2  3 |
---------------+----------+-----
Shields        | 3 |  3.3
Armour         | 3 |  3.2
Axes           | 2 |  2.3
Spellcasting   | 1 |  1.1
Fighting       | |  3.3
Dodging        | |  0.2

Action                   |  1- 3 |  4- 6 || total
-------------------------+-------+-------++-------
Melee: War axe           |    67 |    22 ||    89
Throw: Dart              |     5 |     2 ||     7
Evoke: Wand              |       |     1 ||     1
Armor: Scale mail        |    36 |    14 ||    50
Dodge: Dodged            |    31 |    14 ||    45
Block: Buckler           |    14 |    10 ||    24

Table legend: (Time is in decaauts)
 A = Elapsed time spent in this place.
 B = Non-inter-level travel time spent in this place.
 C = Inter-level travel time spent in this place.
 D = Time resting spent in this place.
 E = Time spent auto-exploring this place.
 F = Levels seen in this place.
 G = Mean time per level.
                   A        B        C        D        E       F      G
               +--------+--------+--------+--------+--------+-----+--------+
         Total |   3130 |   3069 |     61 |    791 |   1934 |   3 | 1043.3 |
       Dungeon |   3130 |   3069 |     61 |    791 |   1934 |   3 | 1043.3 |
               +--------+--------+--------+--------+--------+-----+--------+

Top non-repeatable levels by time:
     D:2: 1716 daAuts
     D:1: 966 daAuts
     D:3: 447 daAuts
